[Event "Late-Titled-Tuesday-Blitz-October-10-2023"]
[Site "Chess.com"]
[Date "2023.10.10"]
[Round "4"]
[White "Zq1"]
[Black "Arystanner"]
[Result "1/2-1/2"]
[WhiteElo "2559"]
[BlackElo "2814"]
[TimeControl "180+1"]
[EndTime "14:36:32 PDT"]
[Termination "Game drawn by repetition"]

1. d4 e6 2. c4 b6 3. Nc3 Bb4 4. Bd2 Bb7 5. a3 Bxc3 6. Bxc3 f5 7. Nh3 Nf6 8. Nf4 Ne4 9. Rc1 O-O 10. d5 Nxc3 11. Rxc3 e5 12. Nd3 d6 13. g3 Nd7 14.
Bg2 a5 15. b4 axb4 16. axb4 Qf6 17. Qc1 g5 18. h4 h6 19. hxg5 hxg5 20. Rh5 f4 21. Bh3 Qg6 22. Be6+ Kg7 23. g4 Nf6 24. Bf5 Qxf5 25. gxf5 Nxh5 26. c5 bxc5 27. bxc5 Bxd5 28.
cxd6 cxd6 29. Rc7+ Rf7 30. Rxf7+ Bxf7 31. Qc7 Nf6 32. f3 e4 33. fxe4 Nxe4 34. Kd1 Kf6 35. Kc2 Ra2+ 36. Nb2 g4 37. Qd8+ Kxf5 38. Qd7+ Be6 39.
Qh7+ Ke5 40. Qg7+ Nf6 41. Qg5+ Bf5+ 42. Kb3 Rxb2+ 43. Kxb2 g3 44. e3 fxe3 45. Qxg3+ Ke4 46. Qxd6 Nd5 47. Kc1 Nf4 48. Qc6+ Kd4 49. Qb6+ Kd3 50. Qb5+ Ke4 51. Qc6+ Ke5 52. Qc7+ Ke4 53. Qc6+ 1/2-1/2

[Event "Late-Titled-Tuesday-Blitz-October-10-2023"]
[Site "Chess.com"]
[Date "2023.10.10"]
[Round "4"]
[White "Russian_berezka"]
[Black "Levanzovsky"]
[Result "1-0"]
[WhiteElo "2669"]
[BlackElo "2427"]
[TimeControl "180+1"]
[EndTime "14:36:32 PDT"]
[Termination "Russian_berezka won by resignation"]

1. d4 Nf6 2. Bf4 e6 3. e3 d5 4. Nd2 c5 5. c3 Bd6 6. Bxd6 Qxd6 7. f4 O-O 8. Bd3 b6 9. Qe2 Bb7 10. Ngf3 Nbd7 11. Ne5 Ne4 12. O-O f5 13. Ndf3 cxd4 14. cxd4 Rac8 15. Nxd7 Qxd7 16. Bxe4 fxe4 17. Ne5 Qa4 18.
Qg4 Rf6 19. Rfc1 Qe8 20. Rxc8 Qxc8 21. Qd1 Qd8 22. Rc1 Qd6 23. Qa4 a5 24. Qa3 Qd8 25. Qc3 g5 26. Qc7 Qxc7 27. Rxc7 Ba6 28.
Ng4 Rf8 29. Nh6+ Kh8 30. Nf7+ Kg7 31. Nxg5+ Kg6 32. Nxe6 Rf6 33. Rc6 Kf5 34. Ng7+ Kg6 35. Rxf6+ Kxf6 36. Nh5+ Ke6 37. Kf2 Bd3 38. g4 a4 39. f5+ Kd6 40. Nf6 b5 41. Nxh7 b4 42. a3 b3 43. g5 1-0

[Event "Late-Titled-Tuesday-Blitz-October-10-2023"]
[Site "Chess.com"]
[Date "2023.10.10"]
[Round "4"]
[White "realmadridfc123"]
[Black "NigelDwarf"]
[Result "1-0"]
[WhiteElo "2813"]
[BlackElo "2543"]
[TimeControl "180+1"]
[EndTime "14:36:35 PDT"]
[Termination "realmadridfc123 won by resignation"]

1. c4 Nf6 2. Nc3 g6 3. Nf3 Bg7 4. e3 O-O 5. d4 d6 6. Bd3 Nc6 7.
d5 Nb4 8. Bb1 e5 9. O-O a5 10.
Bd2 Na6 11. Na4 b6 12. e4 Nc5 13. Nc3 h6 14. a3 a4 15. Bc2 Bd7 16. Ne1 Nh5 17.
Nd3 Qe8 18. g3 f5 19. Nxc5 bxc5 20. exf5 gxf5 21. Qe2 Rb8 22. Nb5 Bxb5 23. cxb5 Ra8 24.
Bc3 Qg6 25. Kh1 Nf6 26. Rae1 Kh8 27. Qf3 e4 28. Qd1 Rae8 29. f3 e3 30. Qd3 Qg5 31. Re2 Rf7 32. Qxf5 Qxf5 33. Bxf5 Nxd5 34. Bg6 Nxc3 35.
bxc3 Rfe7 36. Bxe8 Rxe8 37. Rfe1 Bxc3 38. Rxe3 Rxe3 39.
Rxe3 Bb2 40. Re7 Bxa3 41. Rxc7 Bb4 42. b6 Ba5 43. Rc8+ Kg7 44. b7 1-0

[Event "Late-Titled-Tuesday-Blitz-October-10-2023"]
[Site "Chess.com"]
[Date "2023.10.10"]
[Round "4"]
[White "NelsonLinda"]
[Black "rochaaaaaaaaaa"]
[Result "1-0"]
[WhiteElo "2580"]
[BlackElo "2394"]
[TimeControl "180+1"]
[EndTime "14:36:37 PDT"]
[Termination "NelsonLinda won by resignation"]

1. b3 e5 2. Bb2 Nc6 3. e3 Nf6 4. Bb5 e4 5. d4 Ne7 6. Nh3 c6 7. Be2 d5 8. Nf4 Nf5 9. c4 Bd6 10. Nc3 O-O 11. Nh5 Nxh5 12. Bxh5 Qg5 13. g3 Be6 14.
Be2 a6 15. c5 Bc7 16. Na4 g6 17. Qd2 h5 18. O-O-O Nh6 19. Kb1 Bg4 20. h3 Bxe2 21.
Qxe2 Qf6 22. Rhg1 Qf3 23. Qxf3 exf3 24. g4 h4 25. Bc3 g5 26. Bd2 f6 27. Nb2 Rfe8 28.
Nd3 a5 29. a4 Kf7 30. Ne1 Ng8 31. Nxf3 Ne7 32. Ne1 Ng6 33. Nd3 Re7 34. Kc2 Rae8 35. Rb1 Ra8 36. Rb2 Nf8 37. Rf1 Nd7 38. f4 Kg6 39.
Rbb1 b6 40. cxb6 Bxb6 41. fxg5 fxg5 42. Rf5 Nf6 43. Ne5+ Kh6 44. Rxf6+ Kg7 1-0

[Event "Late-Titled-Tuesday-Blitz-October-10-2023"]
[Site "Chess.com"]
[Date "2023.10.10"]
[Round "4"]
[White "szachmistrz2500"]
[Black "FontVella8"]
[Result "0-1"]
[WhiteElo "2404"]
[BlackElo "2626"]
[TimeControl "180+1"]
[EndTime "14:36:38 PDT"]
[Termination "FontVella8 won by resignation"]

1. Nf3 d5 2. g3 Nc6 3. Bg2 Bg4 4. O-O e5 5. d3 Bd6 6. e4 dxe4 7. dxe4 Nge7 8. c3 Qd7 9. b4 h5 10. h4 Ng6 11. b5 Nd8 12. a4 Ne6 13. Ba3 Nef4 14. gxf4 Nxh4 15. f5 Nxg2 16. Kxg2 g6 17. Bxd6 cxd6 18.
Nxe5 dxe5 19. Qxd7+ Kxd7 20. fxg6 fxg6 21. f3 Be6 22. Rd1+ Ke7 23. Nd2 Rac8 24. Rac1 Rhd8 25.
Kf2 Rd3 26. Nb1 Rxd1 27. Rxd1 Bb3 28. Rg1 Kf6 29. a5 Rc5 30. Nd2 Rxc3 31. Nxb3 Rxb3 32. a6 Rxb5 33. axb7 Rxb7 34. Ra1 Kg5 35. Ra6 Kf4 36. Rxg6 Rb2+ 37. Ke1 Kxf3 38. Rh6 Kg4 39. Rg6+ Kf4 40. Rh6 Kg5 41. Rh7 a5 42. Rf7 h4 43. Rf5+ Kg4 44. Rxe5 h3 45. Re8 h2 46. Rh8 h1=Q+ 0-1

[Event "Late-Titled-Tuesday-Blitz-October-10-2023"]
[Site "Chess.com"]
[Date "2023.10.10"]
[Round "4"]
[White "Mariia89"]
[Black "GiorgianBarbosa"]
[Result "1-0"]
[WhiteElo "2077"]
[BlackElo "2403"]
[TimeControl "180+1"]
[EndTime "14:36:38 PDT"]
[Termination "Mariia89 won on time"]

1. d4 Nf6 2. Nf3 e6 3. Bg5 c5 4. e3 Be7 5. c3 O-O 6. Nbd2 b6 7. Bd3 Bb7 8. Qe2 d6 9. O-O Nbd7 10. e4 cxd4 11.
cxd4 e5 12. Rac1 h6 13. Bh4 exd4 14. Nxd4 Nc5 15. Nf5 Re8 16. Bb1 Bf8 17. f3 g6 18.
Ne3 Be7 19. b4 Ba6 20. Nec4 Ncd7 21. Bd3 d5 22. Nb2 Bxd3 23. Nxd3 dxe4 24. fxe4 Nf8 25. Qf3 N8h7 26. e5 g5 27. Bf2 Bxb4 28. Nc4 Bf8 29. exf6 Rc8 30. Nde5 1-0

[Event "Late-Titled-Tuesday-Blitz-October-10-2023"]
[Site "Chess.com"]
[Date "2023.10.10"]
[Round "4"]
[White "wadsy27"]
[Black "Walter_White_Poland"]
[Result "1-0"]
[WhiteElo "2647"]
[BlackElo "2336"]
[TimeControl "180+1"]
[EndTime "14:36:41 PDT"]
[Termination "wadsy27 won by resignation"]

1. Nf3 d5 2. g3 Nc6 3. d4 Bf5 4. Bg2 e6 5. O-O Nb4 6. Ne1 Nf6 7. c3 Na6 8. Bg5 c6 9. Nd3 Be7 10. Nd2 O-O 11. Bxf6 Bxf6 12. e4 Bg6 13. Qe2 Be7 14. Nf4 Qb6 15. b4 Rfe8 16. Nxg6 hxg6 17. a4 Nc7 18.
Nb3 Qa6 19. Qc2 b6 20. Rfe1 Qc8 21. h4 Qd7 22. Re3 Rac8 23. Rae1 Na6 24. b5 cxb5 25. axb5 Qxb5 26. Bf1 Rc4 27. exd5 Qxd5 28. Nd2 b5 29. Nxc4 bxc4 30. Qa4 Nc7 31. Qxc4 Qd7 32. Bg2 Rd8 33. Ra1 Nd5 34. Bxd5 exd5 35. Qa4 Bf6 36. Qxa7 Qf5 37. Qb7 Rc8 38. Ra8 Rxa8 39. Qxa8+ Kh7 40. Re8 Qb1+ 41. Kg2 g5 42. h5 Qe4+ 43. Rxe4 1-0

[Event "Late-Titled-Tuesday-Blitz-October-10-2023"]
[Site "Chess.com"]
[Date "2023.10.10"]
[Round "4"]
[White "Alphafischer2019"]
[Black "Atanejhad"]
[Result "1-0"]
[WhiteElo "2577"]
[BlackElo "2378"]
[TimeControl "180+1"]
[EndTime "14:36:41 PDT"]
[Termination "Alphafischer2019 won on time"]

1. e4 Nf6 2. e5 Nd5 3. d4 d6 4. exd6 cxd6 5. c4 Nf6 6. Nc3 g6 7. h3 Bg7 8. Nf3 O-O 9. Be2 Nc6 10. O-O Bf5 11. d5 Nb8 12. Nd4 Bd7 13. Be3 Na6 14.
a3 Nc5 15. b4 Nce4 16. Nxe4 Nxe4 17. Qd3 Nf6 18. Rac1 b6 19. Bf3 Rc8 20. Nc6 Bxc6 21. dxc6 Qc7 22. a4 Rfd8 23. Qa3 d5 24. cxd5 Nxd5 25. Bxd5 Rxd5 26. b5 e6 27. Rfd1 Rcd8 28. Rxd5 Rxd5 29. g3 Bf8 30. Qb3 Bd6 31. Kg2 Qe7 32.
Rd1 Rf5 33. Qd3 Rd5 34. Qe2 Re5 35. Qg4 f5 36. Qc4 h5 37. Bf4 Rc5 38. Bxd6 Qxd6 39.
Qe2 Rd5 40. c7 Rxd1 41. c8=Q+ Kf7 42. Qb7+ Kf6 43. Qb2+ e5 44. Qb3 1-0

[Event "Late-Titled-Tuesday-Blitz-October-10-2023"]
[Site "Chess.com"]
[Date "2023.10.10"]
[Round "4"]
[White "shimastream"]
[Black "GMG"]
[Result "1-0"]
[WhiteElo "3002"]
[BlackElo "2718"]
[TimeControl "180+1"]
[EndTime "14:36:42 PDT"]
[Termination "shimastream won on time"]

1. e4 c5 2. d4 cxd4 3. Qxd4 Nc6 4. Qd3 e6 5. Nc3 a6 6. Qg3 b5 7. Bd3 Bb7 8. Nf3 Nge7 9. h4 h5 10. a3 Ng6 11. e5 Nce7 12. Bg5 Qb8 13. O-O-O Bxf3 14. Qxf3 Nxe5 15. Qe2 b4 16. axb4 N7c6 17. b5 axb5 18.
Bxb5 Bb4 19. Na4 Ra5 20. c4 O-O 21. Rh3 Qa8 22. b3 Rb8 23. Rg3 Rbxb5 24. cxb5 Rxa4 25. bxa4 Qxa4 26. Kb1 Na5 27. Rc1 Bd6 28. Rc8+ Bf8 29. Be7 Ng6 30. Bxf8 Nxf8 31. Qb2 g6 32. Ra3 1-0

[Event "Late-Titled-Tuesday-Blitz-October-10-2023"]
[Site "Chess.com"]
[Date "2023.10.10"]
[Round "4"]
[White "Rodalquilar"]
[Black "ural58"]
[Result "0-1"]
[WhiteElo "2736"]
[BlackElo "2531"]
[TimeControl "180+1"]
[EndTime "14:36:42 PDT"]
[Termination "ural58 won on time"]

1. d4 d5 2. Nf3 Nc6 3. Bf4 Bg4 4. e3 e6 5. Be2 Bd6 6. Bg5 Nge7 7.
Nbd2 O-O 8. c4 dxc4 9. Nxc4 Bb4+ 10. Nfd2 Bxe2 11. Qxe2 Qd5 12. Bxe7 Qxg2 13. O-O-O Bxd2+ 14.
Nxd2 Nxe7 15. Nf3 Qg6 16. Rhg1 Qf6 17. Ne5 Rad8 18. Ng4 Qh4 19. Qf3 Ng6 20. Qxb7 h5 21. Nh6+ gxh6 22. Rg2 c5 23. Rdg1 Qf6 24. Qe4 Kh7 25. dxc5 Qf5 26. Qxf5 exf5 27. f4 Rd3 28. Rc2 Rxe3 29. Rd1 Nxf4 30. b4 Nd3+ 31. Rxd3 Rxd3 32.
Kb2 f4 33. c6 Rc8 34. b5 f3 35. a4 Kg6 36. Kc1 Kf5 37. Rc5+ Ke4 38. Rc4+ Ke3 39. Rc5 f2 40. Rf5 Ke2 41. Re5+ Re3 42. Rf5 f1=Q+ 43.
Rxf1 Kxf1 44. Kd2 Ra3 45. a5 Rxa5 0-1

[Event "Late-Titled-Tuesday-Blitz-October-10-2023"]
[Site "Chess.com"]
[Date "2023.10.10"]
[Round "4"]
[White "HajiyevKanan"]
[Black "acertijo08"]
[Result "0-1"]
[WhiteElo "2557"]
[BlackElo "2398"]
[TimeControl "180+1"]
[EndTime "14:36:42 PDT"]
[Termination "acertijo08 won by resignation"]

1. d4 d5 2. Nf3 e6 3. c4 c5 4. cxd5 exd5 5. Nc3 Nc6 6. Bg5 f6 7. Bf4 g5 8. Bg3 g4 9. Nh4 cxd4 10. Nb1 Nge7 11. Nd2 Nf5 12. a3 a5 13. Nb3 Qb6 14. Ra2 Bh6 15. h3 Nxg3 16. fxg3 gxh3 17. gxh3 Qc7 18.
Qd3 Be3 19. Nf5 Ne5 20. Qb1 Bxf5 21. Qxf5 Nc4 22. Qe6+ Qe7 23. Qxd5 Nd6 24. Nxd4 Ne4 25. Nf5 Bf2+ 26. Kd1 Qe5 27. Qxe4 Rd8+ 28. Qd3 Rxd3+ 29.
exd3 Qxf5 30. Be2 O-O 31. g4 Qd5 32. Ra1 Qxh1+ 33. Kc2 Qxa1 34. Bf3 Rc8+ 35. Kd2 Qxb2+ 0-1

[Event "Late-Titled-Tuesday-Blitz-October-10-2023"]
[Site "Chess.com"]
[Date "2023.10.10"]
[Round "4"]
[White "Denis_Makhnyov"]
[Black "feuervogel1000000"]
[Result "1-0"]
[WhiteElo "2913"]
[BlackElo "2591"]
[TimeControl "180+1"]
[EndTime "14:36:43 PDT"]
[Termination "Denis_Makhnyov won by checkmate"]

1. e4 c5 2. Nf3 d6 3. Bb5+ Nd7 4. c4 Nf6 5. O-O a6 6. Ba4 e5 7. Nc3 Be7 8. d3 O-O 9. a3 b6 10. b4 Bb7 11. Rb1 Qc7 12. Bd2 Rfb8 13. Qb3 Nf8 14. Rfc1 Ne6 15. Qd1 Bc6 16. Nd5 Bxa4 17. Qxa4 Nxd5 18.
cxd5 Nd4 19. Nxd4 exd4 20. bxc5 dxc5 21. Qxd4 cxd4 22. Rxc7 Bxa3 23. f4 a5 24. e5 Bc5 25.
d6 a4 26. Bc1 a3 27. Kf2 Kf8 28. Kf3 Rc8 29. Rxc8+ Rxc8 30. Ke4 Ke8 31. Kd5 Kd7 32.
f5 Re8 33. Bxa3 Bxa3 34. Rxb6 Ra8 35. Rb7+ Ke8 36. Kxd4 Ra4+ 37. Kd5 Ra5+ 38. Ke4 f6 39. d4 Kf8 40. Rb8+ Kf7 41. e6# 1-0

[Event "Late-Titled-Tuesday-Blitz-October-10-2023"]
[Site "Chess.com"]
[Date "2023.10.10"]
[Round "4"]
[White "TheBigBoss04"]
[Black "Eliwood44"]
[Result "1-0"]
[WhiteElo "2741"]
[BlackElo "2472"]
[TimeControl "180+1"]
[EndTime "14:36:43 PDT"]
[Termination "TheBigBoss04 won by resignation"]

1. Nf3 Nf6 2. c4 e6 3. g3 b6 4. Bg2 Bb7 5. O-O Be7 6. e3 O-O 7. Nc3 c5 8. Qe2 Nc6 9. Rd1 d5 10. d3 a6 11. b3 d4 12. exd4 cxd4 13. Ne4 Nd7 14. Bg5 f6 15. Bc1 e5 16. h4 a5 17. a3 Ra7 18. h5 h6 19. g4 f5 20.
gxf5 Rxf5 21. Ng3 Rf8 22. Rb1 Bd6 23. Qe4 Ne7 24. Qg4 Kh8 25. Nh4 Bxg2 26. Kxg2 Nf6 27. Qe6 Qe8 28. Qxd6 Nxh5 29. Qxe5 Nxg3 30. fxg3 Qf7 31.
Bf4 Ng8 32. Rf1 Re7 33. Qxd4 Nf6 34. Rbe1 Rxe1 35. Rxe1 g5 36. Be5 gxh4 37. Rf1 h3+ 38. Kxh3 Kg8 39. Bxf6 Qh5+ 40. Qh4 Qg6 41. Qg4 Rxf6 42.
Rxf6 1-0

[Event "Late-Titled-Tuesday-Blitz-October-10-2023"]
[Site "Chess.com"]
[Date "2023.10.10"]
[Round "4"]
[White "Inepton_Fermion"]
[Black "ArtemDyachuk"]
[Result "0-1"]
[WhiteElo "2404"]
[BlackElo "2627"]
[TimeControl "180+1"]
[EndTime "14:36:43 PDT"]
[Termination "ArtemDyachuk won on time"]

1. Nf3 e5 2. Nxe5 d6 3. Nf3 Nf6 4. b3 g6 5. Bb2 Bg7 6. g3 O-O 7. Bg2 Nc6 8. O-O Re8 9. c4 Bd7 10. d4 Qc8 11. Re1 Bh3 12. Bh1 h5 13. Nbd2 Ng4 14.
e3 Qf5 15. Qb1 Qd7 16. d5 Nce5 17. Nxe5 Nxe5 18. Nf3 h4 19. Nxh4 Bf6 20. Nf3 Qg4 21.
Nxe5 Bxe5 22. Bxe5 Rxe5 23. f4 Re7 24. e4 Rae8 25.
Qd1 Qd7 26. Qd4 b6 27. Re3 a5 28. Rae1 a4 29. b4 Qc8 30. a3 c5 31. dxc6 Qxc6 32. e5 Qd7 33. Qxb6 dxe5 34. Bc6 Qd6 35. Qc5 Qd2 36. R3e2 Qc3 37. fxe5 Rc8 38. b5 Bg4 39. Rf2 Qxe1+ 40. Kg2 Qxe5 41. Qxe5 Rxe5 42. Bd5 Be6 43. Bxe6 Rxe6 44. Rc2 Rb6 45. Kf3 Rxb5 0-1

[Event "Late-Titled-Tuesday-Blitz-October-10-2023"]
[Site "Chess.com"]
[Date "2023.10.10"]
[Round "4"]
[White "Andrej2004"]
[Black "ElenGajger"]
[Result "1-0"]
[WhiteElo "2586"]
[BlackElo "2394"]
[TimeControl "180+1"]
[EndTime "14:36:43 PDT"]
[Termination "Andrej2004 won on time"]

1. e4 c5 2. Nf3 g6 3. c4 Nc6 4.
d4 cxd4 5. Nxd4 Bg7 6. Be3 Nf6 7. Nc3 O-O 8. Be2 d6 9. O-O Bd7 10. f3 Nxd4 11. Bxd4 a5 12. Qd2 Bc6 13. b3 Nd7 14. Be3 Nc5 15. Rab1 Qb6 16. Rfd1 Rfc8 17. a3 Nxb3 18.
Qd3 Nc5 19. Rxb6 Nxd3 20. Rxd3 a4 21. Nd5 Bxd5 22. cxd5 Rc7 23. h3 Rac8 24. Rb4 Rc2 25.
Kf2 Ra2 26. Bd4 Rcc2 27. Re3 Bh6 28. Rxb7 Bxe3+ 29. Kxe3 Rxe2+ 30. Kf4 g5+ 31. Kf5 e6+ 32. dxe6 fxe6+ 33. Kf6 h5 34. Kxe6 g4 35. Rb8+ Kh7 36.
Kf7 Kh6 37. Bf6 1-0

[Event "Late-Titled-Tuesday-Blitz-October-10-2023"]
[Site "Chess.com"]
[Date "2023.10.10"]
[Round "4"]
[White "Jahonas"]
[Black "PawnEatingZombie"]
[Result "0-1"]
[WhiteElo "2419"]
[BlackElo "2203"]
[TimeControl "180+1"]
[EndTime "14:36:44 PDT"]
[Termination "PawnEatingZombie won by checkmate"]

1. d4 Nf6 2. c4 g6 3. Nf3 Bg7 4.
Nc3 d5 5. Bf4 O-O 6. e3 c5 7.
cxd5 Nxd5 8. Bg3 cxd4 9. exd4 Nc6 10. Qb3 Nxc3 11. bxc3 Be6 12. Qa3 Qa5 13. Qxa5 Nxa5 14.
Bd3 Rac8 15. Rc1 Bc4 16. Bxc4 Rxc4 17. Nd2 Ra4 18. Rc2 Rc8 19. Be5 Bxe5 20. dxe5 Nc4 21. e6 fxe6 22. Nb1 Na3 23. Nxa3 Rxa3 24. Kd2 b5 25. Rb1 a6 26. Rb3 Ra4 27. f3 Kf7 28. g3 e5 29. Rb4 Rxb4 30. cxb4 Rxc2+ 31. Kxc2 Ke6 32. Kd3 Kd5 33. a3 h6 34. h4 g5 35. h5 e4+ 36. fxe4+ Ke5 37. Ke3 Ke6 38. Kd4 Kd6 39. e5+ Kc6 40. e6 Kd6 41. g4 Kxe6 42.
Kc5 Kd7 43. Kb6 e5 44. Kxa6 e4 45. a4 e3 46. axb5 e2 47. b6 e1=Q 48. b7 Qa1+ 49. Kb6 Qe5 50. Ka7 Qd4+ 51. Ka8 Qa1+ 52. Kb8 Kc6 53. Kc8 Qh8# 0-1

[Event "Late-Titled-Tuesday-Blitz-October-10-2023"]
[Site "Chess.com"]
[Date "2023.10.10"]
[Round "4"]
[White "AlexOstrovskiy"]
[Black "GHANDEEVAM2003"]
[Result "0-1"]
[WhiteElo "2617"]
[BlackElo "3043"]
[TimeControl "180+1"]
[EndTime "14:36:47 PDT"]
[Termination "GHANDEEVAM2003 won on time"]

1. e4 d6 2. d4 g6 3. Nc3 Bg7 4. Be3 a6 5. h4 Nf6 6. f3 b5 7.
Qd2 Nbd7 8. a4 b4 9. Nd1 a5 10. c3 c5 11. Bb5 O-O 12. Ne2 cxd4 13. cxd4 Nb6 14. Nf2 Bd7 15. Bxd7 Qxd7 16. b3 Rfc8 17. O-O d5 18. e5 Ne8 19. Rac1 Nc7 20. Nd3 Ne6 21.
Nef4 Nxf4 22. Bxf4 h5 23. Nc5 Qf5 24. e6 fxe6 25. Rce1 Rc6 26. Be5 Bf6 27. Qh6 Ra7 28.
Kh1 Nd7 29. Nxd7 Rxd7 30. g4 hxg4 31. fxg4 Qxg4 32. Rg1 Qh3+ 33. Bh2 Qf3+ 34. Rg2 g5 35. hxg5 Bg7 36. Qg6 Qf7 37. Qd3 Rc3 38. Qb5 Rd8 39.
Rf1 Qg6 40. Qxa5 Rf8 41. Rfg1 Rxb3 42. Qc5 Rd3 43. Qxe7 Bxd4 44. Rb1 Rh3 0-1

[Event "Late-Titled-Tuesday-Blitz-October-10-2023"]
[Site "Chess.com"]
[Date "2023.10.10"]
[Round "4"]
[White "Roberz12"]
[Black "GianmarcoVaR"]
[Result "1-0"]
[WhiteElo "2463"]
[BlackElo "2669"]
[TimeControl "180+1"]
[EndTime "14:36:48 PDT"]
[Termination "Roberz12 won on time"]

1. e4 c5 2. Nf3 d6 3. Bb5+ Nd7 4. c4 Nf6 5. Nc3 g6 6. O-O Bg7 7. h3 O-O 8. Ba4 b6 9. d3 Bb7 10. Bc2 e6 11. Be3 Rc8 12. Qd2 d5 13. cxd5 exd5 14. Bh6 d4 15. Bxg7 Kxg7 16. Ne2 Ne8 17.
Nf4 Nd6 18. Bb3 c4 19. Bxc4 Nxc4 20. dxc4 Bxe4 21. Ng5 Qxg5 22. Ne6+ fxe6 23. Qxg5 e5 24.
Rae1 Rf5 25. Qe7+ Rf7 26. Qd6 Bd3 27. Rxe5 Bxf1 28. Kxf1 Nxe5 29. Qxe5+ Kg8 30. Qxd4 Re8 31. g3 Rfe7 32. b4 Re1+ 33. Kg2 R1e4 34. Qd5+ Kg7 35. c5 R4e5 36. Qd6 bxc5 37. bxc5 R8e6 38. Qd7+ Re7 39. Qd8 Kf7 40. c6 Rc5 41. Qd6 Rc2 42. Qd5+ Kg7 43.
Qd4+ Kf7 44. Qa4 Ree2 45. Qf4+ Ke7 46. c7 Kd7 47. Qf7+ Kc8 48. g4 Rxa2 49. Qxh7 Rxf2+ 50. Kg3 g5 51. Qg8+ Kxc7 52. Qxg5 Rg2+ 53. Kh4 a5 54.
Qc5+ Kd7 55. Kh5 a4 56. h4 a3 57. g5 Rh2 58. Kg6 Rxh4 59. Qd5+ Kc7 60. Qxa2 1-0

[Event "Late-Titled-Tuesday-Blitz-October-10-2023"]
[Site "Chess.com"]
[Date "2023.10.10"]
[Round "4"]
[White "AlleyOoper"]
[Black "Harsha_Bharathakoti"]
[Result "0-1"]
[WhiteElo "2587"]
[BlackElo "2909"]
[TimeControl "180+1"]
[EndTime "14:36:49 PDT"]
[Termination "Harsha_Bharathakoti won by resignation"]

1. c4 b6 2. d4 Bb7 3. a3 e6 4. Nc3 f5 5. d5 Nf6 6. g3 Bd6 7. Nf3 c6 8. dxe6 dxe6 9. Bf4 Bxf4 10.
Qxd8+ Kxd8 11. gxf4 c5 12. Bg2 Nbd7 13. O-O-O Ke7 14.
Rhg1 g6 15. h3 Rhd8 16. Ne5 Bxg2 17. Rxg2 Nxe5 18. fxe5 Rxd1+ 19. Kxd1 Rd8+ 20. Kc2 Nh5 21. e3 f4 22. Ne4 fxe3 23. fxe3 Ng7 24. Nf6 Nf5 25.
Re2 h6 26. Kc3 Rd1 27. Rg2 g5 28. e4 Nd4 29. Ng8+ Kf7 30. Nxh6+ Kg6 31. Ng8 Rc1+ 32.
Kd3 Rh1 33. Ne7+ Kh5 34. Rg3 Kh4 35. Rg4+ Kh5 36. Rg3 Rd1+ 37. Ke3 Re1+ 38. Kd3 Rd1+ 39. Ke3 Rb1 40. Rg2 Rh1 41. Rg3 Rh2 42. Ng8 Rxb2 43.
Nf6+ Kg6 44. Rg1 Rb3+ 45. Kd2 Rxh3 46. Nd7 Nf3+ 0-1

[Event "Late-Titled-Tuesday-Blitz-October-10-2023"]
[Site "Chess.com"]
[Date "2023.10.10"]
[Round "4"]
[White "Witty_Alien"]
[Black "Mikhal867"]
[Result "0-1"]
[WhiteElo "2226"]
[BlackElo "2466"]
[TimeControl "180+1"]
[EndTime "14:36:49 PDT"]
[Termination "Mikhal867 won on time"]

1. e4 g6 2. h4 d5 3. exd5 Qxd5 4. Nc3 Qa5 5. b4 Qxb4 6. Rb1 Qd6 7. h5 Bg7 8. Nf3 Nc6 9. Bc4 Be6 10. Qe2 O-O-O 11.
Ba6 bxa6 12. Qxa6+ Kd7 13. h6 Bxc3 14. dxc3 Bd5 15. Ba3 Qe6+ 16. Kd2 Bxf3 17. gxf3 Ke8+ 18. Kc1 Nf6 19. Rd1 Rxd1+ 20. Kxd1 Nd5 21. Rb7 Kd7 22. c4 Nb6 23. Qb5 Qxc4 24. Rxb6 Qd4+ 25. Kc1 axb6 26. Bb2 Qf4+ 27. Kb1 Ra8 28. Qd5+ Qd6 29. Qxf7 Qe6 30.
Qxh7 Qxa2+ 31. Kc1 Qc4 32. Qxg6 Nb4 33. Qg4+ Qxg4 34.
fxg4 e5 35. Bxe5 Ke6 36. Bb2 Nd5 37. h7 Nf6 0-1

[Event "Late-Titled-Tuesday-Blitz-October-10-2023"]
[Site "Chess.com"]
[Date "2023.10.10"]
[Round "4"]
[White "BogdanDeac"]
[Black "tjallkompall"]
[Result "1-0"]
[WhiteElo "3013"]
[BlackElo "2752"]
[TimeControl "180+1"]
[EndTime "14:36:51 PDT"]
[Termination "BogdanDeac won on time"]

1. b3 c5 2. Bb2 Nc6 3. e3 Nf6 4.
c4 g6 5. Bxf6 exf6 6. Nc3 Bg7 7.
g3 f5 8. Bg2 O-O 9. Nge2 d6 10.
O-O Re8 11. Rb1 a6 12. a3 Rb8 13. d4 cxd4 14. exd4 f4 15. d5 Ne5 16. gxf4 Ng4 17. h3 Nf6 18. Ng3 h5 19. Qf3 h4 20. Nge4 Nxe4 21.
Nxe4 Bf5 22. Rbe1 Qb6 23. b4 Qd4 24. Nxd6 Rxe1 25. Rxe1 Bd7 26. Re7 Ba4 27. c5 Bf8 28. Qe3 Qf6 29. Rxf7 Qa1+ 30. Kh2 Bxd6 31. Qe6 Kh8 32.
Qxd6 Rg8 33. Qe7 1-0

[Event "Late-Titled-Tuesday-Blitz-October-10-2023"]
[Site "Chess.com"]
[Date "2023.10.10"]
[Round "4"]
[White "WPWPWP-2015"]
[Black "Grandmaster1369"]
[Result "0-1"]
[WhiteElo "2522"]
[BlackElo "2768"]
[TimeControl "180+1"]
[EndTime "14:36:51 PDT"]
[Termination "Grandmaster1369 won by resignation"]

1. e4 c5 2. Nf3 e6 3. b3 Nc6 4. Bb5 Nge7 5. O-O a6 6. Bxc6 Nxc6 7. Bb2 d6 8. c4 e5 9. Nc3 g6 10. d3 Bg7 11. h3 O-O 12. Nd5 f5 13. Bc1 f4 14. a3 g5 15. Nh2 b6 16. Rb1 Ra7 17. b4 Kh8 18. bxc5 bxc5 19. Bd2 Qe8 20. Rb6 Rg8 21. Kh1 Be6 22. Bc3 Bf7 23. Qg4 h6 24.
Rfb1 Bh5 25. Qf5 Rf7 26. Rb7 Rxf5 27. exf5 Rf8 28. Rc7 Rf7 29. Rbb7 Rxc7 30. Rxc7 Bf7 31. f6 Bf8 32. Nb6 e4 33. Rc8 Nd8 34. d4 Kh7 35.
dxc5 dxc5 36. Ng4 e3 37. fxe3 fxe3 38. Nd5 e2 39. Be1 Bxd5 40. cxd5 Qd7 41. Ra8 Qxd5 42. Ra7+ Kg6 43. Nf2 Nf7 44. Rxa6 Qd1 45. Kh2 Qxe1 46.
Ra8 Qxf2 47. Rxf8 Qf4+ 0-1

[Event "Late-Titled-Tuesday-Blitz-October-10-2023"]
[Site "Chess.com"]
[Date "2023.10.10"]
[Round "4"]
[White "Mikhail_Golubev"]
[Black "schondeln"]
[Result "0-1"]
[WhiteElo "2598"]
[BlackElo "2408"]
[TimeControl "180+1"]
[EndTime "14:36:51 PDT"]
[Termination "schondeln won by resignation"]

1. e4 d5 2. exd5 Qxd5 3. Nf3 Bg4 4. Be2 Nc6 5. d4 O-O-O 6. c4 Qf5 7. Be3 Bxf3 8. Bxf3 Nxd4 9. Bxd4 Qe6+ 10. Be2 Qe4 11. Nc3 Qxd4 12. Qc2 Nf6 13. O-O e6 14. Rad1 Qb6 15.
Rxd8+ Kxd8 16. a3 Kc8 17. b4 c6 18. c5 Qc7 19. b5 Bxc5 20. bxc6 Kb8 21. Bf3 a6 22.
Rb1 b6 23. Qa4 Qa7 24. Qc4 Kc7 25. Qf4+ Bd6 26. Qg5 Rg8 27. a4 h6 28. Qe3 Bc5 29. Qe5+ Bd6 30. Qd4 Rd8 31. Qc4 Bc5 32. g3 Rd4 33. Qe2 Nd5 34. Qe5+ Kc8 35. Nxd5 exd5 36. Bxd5 Qe7 37. Qf5+ Kc7 38. Qxf7 Qxf7 39. Bxf7 Rd2 40.
Kg2 Rxf2+ 41. Kh3 Rxf7 0-1

[Event "Late-Titled-Tuesday-Blitz-October-10-2023"]
[Site "Chess.com"]
[Date "2023.10.10"]
[Round "4"]
[White "Maestro1986"]
[Black "PapaieDudu"]
[Result "1-0"]
[WhiteElo "2544"]
[BlackElo "2371"]
[TimeControl "180+1"]
[EndTime "14:36:51 PDT"]
[Termination "Maestro1986 won by checkmate"]

1. e4 c5 2. Nf3 d6 3. d4 cxd4 4.
Nxd4 Nf6 5. Nc3 a6 6. Be2 e6 7.
Rg1 b5 8. g4 Bb7 9. f3 b4 10.
Nb1 d5 11. e5 Nfd7 12. f4 Nc6 13. Be3 g5 14. f5 Ndxe5 15. fxe6 fxe6 16. Nxe6 Qa5 17. Qxd5 Qxd5 18. Nc7+ Kf7 19. Nxd5 Re8 20. Rf1+ Kg7 21.
Bxg5 Nxg4 22. Nf6 Nd4 23. Nxe8+ Kg6 24. Bxg4 Kxg5 25. Bd1 Be7 26. Ng7 Rg8 27. Nh5 Re8 28. Kd2 Rd8 29. Kc1 Bc5 30. c3 Nc6 31. Nd2 bxc3 32.
Ne4+ Kh4 33. Nxc5 cxb2+ 34. Kxb2 Bc8 35. Rc1 Nd4 36. Rc4 h6 37. Rf4+ Kh3 38. Rcxd4 Rxd4 39. Rxd4 a5 40. Nd3 a4 41. Ndf4+ Kxh2 42. Rd2+ Kg1 43. Ng3 a3+ 44. Kc1 Bb7 45. Nh3# 1-0